 Dungeon Crawl Stone Soup version 0.15.2 (webtiles) character file.

2745 bullock the Conjurer (level 9, -1/56 HPs)
             Began as an Octopode Wizard on Nov 26, 2014.
             Was a Priest of Sif Muna.
             Slain by a wolf (4 damage)
             ... led by Grum
             ... on Level 7 of the Dungeon.
             The game lasted 00:29:15 (8833 turns).

bullock the Conjurer (Octopode Wizard)              Turns: 8833, Time: 00:29:15

HP  -1/56        AC  1     Str  6      XL: 9   Next: 68%
MP   0/24        EV 13     Int 24      God: Sif Muna [***...]
Gold 285         SH  0     Dex 10      Spells:  5 memorised, 11 levels left

rFire  . . .     SeeInvis .     s - +2 dagger (venom)
rCold  . . .     Clarity  .     (no shield)
rNeg   . . .     rCorr    .     b - +0 hat (curse)
rPois  .         rRot     .     (no amulet)
rElec  .         Spirit   .     r - ring of regeneration
SustAb .         Warding  .     (no ring)
rMut   .         Stasis   .     (no ring)
Gourm  .                        (no ring)
MR     .....                    (no ring)
                                (no ring)
                                (no ring)
                                (no ring)

@: repel missiles, not resistant to hostile enchantments, fairly stealthy
A: almost no armour, amphibious, 8 rings, constrict 8, camouflage 1, gelatinous
body 1
a: Channel Energy, Forget Spell, Renounce Religion


You were on level 7 of the Dungeon.
You worshipped Sif Muna.
Sif Muna was most pleased with you.
You were not hungry.

You visited 2 branches of the dungeon, and saw 9 of its levels.

You collected 285 gold pieces.

Inventory:

Hand weapons
 s - a +2 dagger of venom (weapon)
Armour
 b - a cursed +0 hat (worn)
Magical devices
 u - a wand of paralysis (6) {unknown}
 y - a wand of lightning (9) {unknown}
 B - a wand of heal wounds (0)
 E - a wand of paralysis (16) {unknown}
Comestibles
 d - 8 bread rations
 h - 2 beef jerkies
 i - 7 meat rations
Scrolls
 a - 2 scrolls of teleportation {unknown}
 g - 3 scrolls of remove curse
 j - a scroll of blinking {unknown}
 o - 2 scrolls of immolation {unknown}
 t - a scroll of amnesia {unknown}
 v - 2 scrolls of enchant armour {unknown}
 w - 6 scrolls of identify {unknown}
 C - a scroll of noise {unknown}
Jewellery
 r - a ring of regeneration (left tentacle)
Potions
 e - a potion of heal wounds
 k - 3 potions of brilliance {unknown}
 l - 3 potions of curing {unknown}
 n - 4 potions of restore abilities {unknown}
 p - a potion of flight {unknown}
 q - a potion of beneficial mutation {unknown}
 x - a potion of might {unknown}
 z - a potion of lignification {unknown}
 F - a potion of agility {unknown}
Books
 c - a book of Minor Magic

   Spells                             Type                      Level
   *Magic Dart                        Conjuration                  1
   *Blink                             Translocation                2
   Call Imp                           Summoning                    2
   *Repel Missiles                    Charms/Air                   2
   Slow                               Hexes                        2
   *Conjure Flame                     Conjuration/Fire             3
   *Mephitic Cloud                    Conjuration/Poison/Air       3
 m - a Young Poisoner's Handbook

   Spells                             Type                      Level
   Sting                              Conjuration/Poison           1
   Cure Poison                        Poison                       2
   *Mephitic Cloud                    Conjuration/Poison/Air       3
   Olgreb's Toxic Radiance            Poison                       4
   Venom Bolt                         Conjuration/Poison           5
 A - a book of the Sky

   Spells                             Type                      Level
   Flight                             Charms/Air                   3
   Airstrike                          Air                          4
   Silence                            Hexes/Air                    5
   Deflect Missiles                   Charms/Air                   6
   Conjure Ball Lightning             Conjuration/Air              6
   Tornado                            Air                          9
 D - a book of Envenomations

   Spells                             Type                      Level
   Spider Form                        Transmutation/Poison         3
   Alistair's Intoxication            Transmutation/Poison         4
   Olgreb's Toxic Radiance            Poison                       4
   Poisonous Cloud                    Conjuration/Poison/Air       6


   Skills:
 + Level 3.0 Fighting
 + Level 3.4 Dodging
 - Level 2.6 Stealth
 + Level 7.0 Spellcasting
 + Level 9.0 Conjurations
   Level 1.0 Summonings
 * Level 4.5 Translocations


You had 11 spell levels left.
You knew the following spells:

 Your Spells              Type           Power        Failure   Level  Hunger
a - Magic Dart            Conj           ####         1%          1    None
f - Conjure Flame         Conj/Fire      ####....     3%          3    None
q - Blink                 Tloc           N/A          1%          2    None
r - Mephitic Cloud        Conj/Pois/Air  ###.....     10%         3    None
v - Repel Missiles        Chrm/Air       #.....       12%         2    None


Dungeon Overview and Level Annotations

Branches:
Dungeon (8/15)             Temple (1/1) D:5
   Lair: D:8-11

Altars:
Ashenzari
Cheibriados
Dithmenos
Elyvilon
Fedhas
Kikubaaqudgha
Makhleb
Nemelex Xobeh
Okawaru
Sif Muna
Trog
Vehumet
Xom
Yredelemnul
Zin
The Shining One

Shops:
D:6 :


Innate Abilities, Weirdness & Mutations

You cannot wear most types of armour.
You are amphibious.
You can wear up to eight rings at the same time.
You can use your tentacles to constrict many enemies at once.
Your skin changes colour to match your surroundings (Stealth).
Your rubbery body absorbs attacks (AC +1).


Message History

* * * LOW HITPOINT WARNING * * *
Casting: Blink
Confirm with . or Enter, or press ? or * to list all spells.
You don't have the energy to cast that spell.
Unknown command.
Eat which item? (? for menu, Esc to quit)
The wolf bites you.
* * * LOW HITPOINT WARNING * * *
The wolf closely misses you.
You continue eating.
The wolf barely misses you.
You finish eating.
That royal jelly was delicious!
Casting: Blink
Confirm with . or Enter, or press ? or * to list all spells.
You blink.
Evoke which item? (* to show all) (? for menu, Esc to quit)
Zapping:
B - a wand of heal wounds {zapped: 4}
Press: ? - help, Shift-Dir - straight line, f - you Nothing appears to happen.
The wolf bites you.
You die...

#..# #.....###...........#.
##.### ##...##....#.........#.
#....## ##...##..####.........#.
..##..####...###.###...#########.
.####.............(..............
.# #####..#####.##..###########.
#########..# #.#..## #.
..........## #.#.## #.
#########.######@..#############.
#........##.§h..#.......#......
#........##.###.#..............
#...%.......# #.#..............
#.........### #.#..............
#.....[..## #.#..............
#........# #.####.##.......<
#........######.##...##.....<..
####.>..)[[.....##.####........


You could see a wolf.

Vanquished Creatures
  2 centaur zombies
  The ghost of bullock the Ruinous, an experienced GrWz (D:5)
  2 humans (D:8)
  Menkaure (D:6)
  A hungry ghost (D:7)
  A wolf (D:8)
  A black bear (D:7)
  An ogre (D:4)
  An orc warrior (D:7)
  A phantom (D:5)
  3 giant frogs (D:6)
  2 scorpions
  5 crimson imps
  An orc wizard (D:4)
  4 hounds
  An iguana (D:6)
  3 worker ants
  Ijyb (D:6)
  A sky beast zombie (D:5)
  2 ogre skeletons
  A hound skeleton (D:3)
  4 gnolls (D:7)
  A worker ant zombie (D:6)
  7 adders
  A giant mite (D:6)
  An inept feature mimic (D:7)
  3 worms
  An adder skeleton (D:3)
  3 giant geckos
  2 oozes
  20 orcs
  7 giant cockroaches
  15 goblins
  12 hobgoblins
  9 jackals
  14 kobolds
  3 quokkas
  3 ball pythons
  16 bats
  A giant gecko skeleton (D:3)
  A giant gecko zombie (D:3)
  2 giant newts (D:1)
  2 giant spores
  A jackal skeleton (D:3)
  2 kobold skeletons
  2 orc skeletons
  An orc zombie (D:5)
  14 rats
  2 rat skeletons (D:3)
  A rat zombie (D:3)
  5 ballistomycetes (D:6)
192 creatures vanquished.

Notes
Turn   | Place    | Note
--------------------------------------------------------------
     0 | D:1      | bullock, the Octopode Wizard, began the quest for the Orb.
     0 | D:1      | Reached XP level 1. HP: 11/11 MP: 4/4
   435 | D:1      | Reached XP level 2. HP: 12/17 MP: 0/6
   439 | D:1      | Learned a level 2 spell: Blink
   442 | D:1      | Learned a level 2 spell: Repel Missiles
   971 | D:1      | Reached XP level 3. HP: 21/21 MP: 6/8
   976 | D:1      | Learned a level 3 spell: Conjure Flame
  1909 | D:2      | Found a shadowy altar of Dithmenos.
  1921 | D:2      | Reached XP level 4. HP: 27/27 MP: 6/10
  2936 | D:3      | Reached skill level 4 in Spellcasting
  2937 | D:3      | Reached XP level 5. HP: 21/31 MP: 5/13
  3890 | D:4      | HP: 1/31 [something (3)]
  4271 | D:4      | Reached XP level 6. HP: 36/36 MP: 6/15
  5054 | D:4      | Noticed an ogre
  5087 | D:4      | Learned a level 3 spell: Mephitic Cloud
  5213 | D:4      | Killed an ogre
  5213 | D:4      | Reached skill level 5 in Conjurations
  5822 | D:5      | Entered Level 5 of the Dungeon
  5895 | D:5      | Reached XP level 7. HP: 20/41 MP: 7/18
  6062 | D:5      | Found a staircase to the Ecumenical Temple.
  6076 | Temple   | Entered the Ecumenical Temple
  6158 | Temple   | Became a worshipper of Sif Muna the Loreminder
  6305 | D:5      | Reached skill level 5 in Spellcasting
  6322 | D:5      | Noticed bullock's ghost (experienced GrWz)
  6330 | D:5      | Killed bullock's ghost
  6330 | D:5      | Acquired Sif Muna's first power
  6330 | D:5      | Reached skill level 6 in Conjurations
  6502 | D:5      | Reached skill level 7 in Conjurations
  6502 | D:5      | Reached XP level 8. HP: 46/46 MP: 17/20
  6596 | D:5      | Found a shimmering altar of Xom.
  6598 | D:5      | Found a burning altar of Makhleb.
  6945 | D:6      | Found a radiant altar of Vehumet.
  6973 | D:6      | Noticed a centaur zombie
  6983 | D:6      | Killed a centaur zombie
  6983 | D:6      | Acquired Sif Muna's second power
  6983 | D:6      | Reached skill level 8 in Conjurations
  7182 | D:6      | Noticed Menkaure
  7194 | D:6      | Killed Menkaure
  7194 | D:6      | Reached skill level 1 in Fighting
  7316 | D:6      | Noticed Ijyb
  7331 | D:6      | Killed Ijyb
  7460 | D:6      | Reached XP level 9. HP: 54/54 MP: 20/23
  7486 | D:6      | Found Moiluawk's Book Shop.
  7768 | D:7      | Found a sand-covered staircase.
  7775 | D:7      | the sand-covered staircase was a mimic.
  8715 | D:8      | Found an iron altar of Okawaru.
  8726 | D:8      | Reached skill level 9 in Conjurations
  8830 | D:7      | HP: 1/56 [wolf[Grum] (2)]
  8833 | D:7      | Slain by a wolf

Action                   |  1- 3 |  4- 6 |  7- 9 || total
-------------------------+-------+-------+-------++-------
Melee: Short sword       |    55 |    48 |       ||   103
       Unarmed           |     3 |       |       ||     3
       Dagger            |       |    16 |   104 ||   120
 Cast: Magic Dart        |    75 |   163 |   204 ||   442
       Repel Missiles    |     2 |     1 |       ||     3
       Conjure Flame     |       |    10 |    10 ||    20
       Blink             |       |     6 |    16 ||    22
       Mephitic Cloud    |       |     2 |     7 ||     9
Invok: Channel Energy    |       |       |     1 ||     1
  Use: Potion            |       |     1 |       ||     1
       Scroll            |       |     1 |       ||     1
 Stab: Sleeping          |     5 |     2 |     3 ||    10
  Eat: Chunk             |     3 |    12 |    11 ||    26
       Royal jelly       |       |       |     1 ||     1
